PAAA
BANGOR TRIDENT BASE OGRES @ FLORIDA MEN
08/08/2023
 
TOP OF THE 1ST
Bangor Trident Base Ogres batting - Pitching for Florida Men : RHP Jorge Silva
Pitching: RHP Jorge Silva
Batting: SHB Juan Ortega 0-0: Called Strike
0-1: Ball
1-1: Ball
2-1: Ball
3-1: SINGLE (Flyball, 89S)
Batting: RHB Johnny Foster 0-0: Ball
1-0: Ball
2-0: Called Strike
2-1: Swinging Strike
2-2: Ball
3-2: Foul Ball, location: 2F
3-2: Strikes out swinging
Batting: RHB Tom Baker 0-0: Ball
1-0: Called Strike
Juan Ortega is caught stealing 2nd base
1-1: Called Strike
1-2: Ball
2-2: Foul Ball, location: 2F
2-2: SINGLE (Flyball, 9LS)
Batting: LHB Luis Costello Pickoff Throw to First - Out!
Top of the 1st over - 0 run(s), 2 hit(s), 0 error(s), 0 left on base; Bangor Trident Base 0 - Florida 0
BOTTOM OF THE 1ST
Florida Men batting - Pitching for Bangor Trident Base Ogres : RHP Manuel Delgado
Pitching: RHP Manuel Delgado
Batting: RHB Max Banham 0-0: Called Strike
0-1: Ball
1-1: Ball
2-1: Ground out 5-3 (Groundball, 56S)
Batting: LHB Bastyão Lizardo 0-0: Swinging Strike
0-1: Called Strike
0-2: Ball
1-2: Ground out 1-3 (Groundball, 13S)
Batting: RHB Pat Ings 0-0: Ball
1-0: Ball
2-0: Ground out U3 (Groundball, 3L)
Bottom of the 1st over - 0 run(s), 0 hit(s), 0 error(s), 0 left on base; Bangor Trident Base 0 - Florida 0
TOP OF THE 2ND
Bangor Trident Base Ogres batting - Pitching for Florida Men : RHP Jorge Silva
Batting: LHB Luis Costello 0-0: Called Strike
0-1: Foul Ball, location: 2F
0-2: Ball
1-2: Ball
2-2: Strikes out swinging
Batting: RHB Augusto Rocha 0-0: Ball
1-0: Ball
2-0: SINGLE (Groundball, 6MD)
Batting: RHB Sang-yeon Kim 0-0: Ball
1-0: Fly out, F8 (Flyball, 8RM)
Batting: LHB Kent Roberts 0-0: Ball
1-0: Ball
2-0: Foul Ball, location: 2F
2-1: Fly out, F5 (Popup, 5SF)
Top of the 2nd over - 0 run(s), 1 hit(s), 0 error(s), 1 left on base; Bangor Trident Base 0 - Florida 0
BOTTOM OF THE 2ND
Florida Men batting - Pitching for Bangor Trident Base Ogres : RHP Manuel Delgado
Batting: RHB Jim Unknown 0-0: Called Strike
0-1: Ball
1-1: Foul Ball, location: 2F
1-2: Foul Ball, location: 2F
1-2: Ball
2-2: Foul Ball, location: 2F
2-2: Strikes out looking
Batting: RHB Gilberto Patino 0-0: Swinging Strike
0-1: Foul Ball, location: 2F
0-2: Ball
1-2: Strikes out looking
Batting: RHB Greg Robinson 0-0: Ball
1-0: Called Strike
1-1: Ball
2-1: Fly out, F8 (Line Drive, 8LS)
Bottom of the 2nd over - 0 run(s), 0 hit(s), 0 error(s), 0 left on base; Bangor Trident Base 0 - Florida 0
TOP OF THE 3RD
Bangor Trident Base Ogres batting - Pitching for Florida Men : RHP Jorge Silva
Batting: SHB Bill Becker 0-0: Ball
1-0: Foul Ball, location: 2F
1-1: Foul Ball, location: 2F
1-2: Strikes out looking
Batting: RHB Gerardo Castillo 0-0: Ball
1-0: Ball
2-0: Ball
3-0: Called Strike
3-1: Foul Ball, location: 2F
3-2: Base on Balls
Batting: SHB Juan Ortega 0-0: Called Strike
0-1: Foul Ball, location: 2F
0-2: Ball
1-2: Foul Ball, location: 2F
1-2: Strikes out swinging
Batting: RHB Johnny Foster 0-0: Called Strike
0-1: Called Strike
0-2: Ball
1-2: Ground out 6-3 (Groundball, 6)
Top of the 3rd over - 0 run(s), 0 hit(s), 0 error(s), 1 left on base; Bangor Trident Base 0 - Florida 0
BOTTOM OF THE 3RD
Florida Men batting - Pitching for Bangor Trident Base Ogres : RHP Manuel Delgado
Batting: RHB Frank Collins 0-0: Ground out 6-3 (Groundball, 6D)
Batting: RHB Jim Unknown 0-0: Ball
1-0: Called Strike
1-1: Foul Ball, location: 2F
1-2: Strikes out swinging
Batting: RHB Jim Unknown 0-0: Ball
1-0: Called Strike
1-1: Foul Ball, location: 2F
1-2: Strikes out swinging
Bottom of the 3rd over - 0 run(s), 0 hit(s), 0 error(s), 0 left on base; Bangor Trident Base 0 - Florida 0
TOP OF THE 4TH
Bangor Trident Base Ogres batting - Pitching for Florida Men : RHP Jorge Silva
Batting: RHB Tom Baker 0-0: Ball
1-0: Called Strike
1-1: Swinging Strike
1-2: Ball
2-2: Ball
3-2: Strikes out swinging
Batting: LHB Luis Costello 0-0: Ball
1-0: Ball
2-0: Ball
3-0: Base on Balls
Batting: RHB Augusto Rocha 0-0: Ball
1-0: Ball
2-0: Called Strike
2-1: Ball
3-1: Called Strike
3-2: Fielders Choice at 2nd, 6-4 (Groundball, 6)
Batting: RHB Sang-yeon Kim 0-0: Called Strike
0-1: Called Strike
0-2: Ball
1-2: Ball
2-2: Ball
3-2: Base on Balls
Augusto Rocha to second
Batting: LHB Kent Roberts 0-0: Ball
1-0: Foul Ball, location: 2F
1-1: Foul Ball, location: 2F
1-2: Ball
2-2: Foul Ball, location: 2F
2-2: Ground out 6-3 (Groundball, 6)
Top of the 4th over - 0 run(s), 0 hit(s), 0 error(s), 2 left on base; Bangor Trident Base 0 - Florida 0
BOTTOM OF THE 4TH
Florida Men batting - Pitching for Bangor Trident Base Ogres : RHP Manuel Delgado
Batting: RHB Max Banham 0-0: Called Strike
0-1: Foul Ball, location: 2F
0-2: Ball
1-2: SINGLE (Groundball, 6D)
Batting: LHB Bastyão Lizardo 0-0: Foul Ball, location: 2F
0-1: Ball
1-1: Fly out, F8 (Flyball, 78M)
Batting: RHB Pat Ings 0-0: Ball
1-0: Foul Ball, location: 2F
1-1: Ground out 4-3 (Groundball, 4M)
Max Banham to second
Batting: RHB Jim Unknown 0-0: Ball
1-0: Fly out, F9 (Flyball, 9M)
Bottom of the 4th over - 0 run(s), 1 hit(s), 0 error(s), 1 left on base; Bangor Trident Base 0 - Florida 0
TOP OF THE 5TH
Bangor Trident Base Ogres batting - Pitching for Florida Men : RHP Jorge Silva
Batting: SHB Bill Becker 0-0: SINGLE (Flyball, 9LM)
Batting: RHB Gerardo Castillo 0-0: Ball
1-0: Bunted foul
1-1: Sac Bunt - play at first, batter OUT! 1-4
Bill Becker to second
Batting: SHB Juan Ortega 0-0: Ball
1-0: Called Strike
1-1: Swinging Strike
1-2: Ball
2-2: TRIPLE (Popup, 9LS)
Bill Becker scores
Batting: RHB Johnny Foster 0-0: Called Strike
0-1: Foul Ball, location: 2F
0-2: Ball
1-2: Ball
2-2: Ball
3-2: Foul Ball, location: 2F
3-2: Fly out, F4 (Popup, 4D)
Batting: RHB Tom Baker 0-0: Called Strike
0-1: Ball
1-1: Foul Ball, location: 2F
1-2: Foul Ball, location: 2F
1-2: SINGLE (Flyball, 9S)
Juan Ortega scores
Batting: LHB Luis Costello 0-0: Ball
1-0: Swinging Strike
1-1: Called Strike
1-2: Ball
2-2: Fly out, F8 (Flyball, 8LM)
Top of the 5th over - 2 run(s), 3 hit(s), 0 error(s), 1 left on base; Bangor Trident Base 2 - Florida 0
BOTTOM OF THE 5TH
Florida Men batting - Pitching for Bangor Trident Base Ogres : RHP Manuel Delgado
Batting: RHB Gilberto Patino 0-0: Ball
1-0: Ball
2-0: Ground out 6-3 (Groundball, 6)
Batting: RHB Greg Robinson 0-0: Foul Ball, location: 2F
0-1: Ball
1-1: Ball
2-1: Ball
3-1: Foul Ball, location: 2F
3-2: Base on Balls
Batting: RHB Frank Collins 0-0: SINGLE (Groundball, 6)
Greg Robinson to second
Batting: RHB Jim Unknown 0-0: Foul Ball, location: 2F
0-1: Ball
1-1: Foul Ball, location: 2F
1-2: Ball
2-2: Ball
3-2: Foul Ball, location: 2F
3-2: Foul Ball, location: 2F
3-2: Fly out, F8 (Flyball, 8LXD)
Runner from 2nd tags up, SAFE at 3rd, no throw
Batting: RHB Jim Unknown 0-0: Called Strike
0-1: Foul Ball, location: 2F
0-2: Fly out, F9 (Flyball, 9M)
Bottom of the 5th over - 0 run(s), 1 hit(s), 0 error(s), 2 left on base; Bangor Trident Base 2 - Florida 0
TOP OF THE 6TH
Bangor Trident Base Ogres batting - Pitching for Florida Men : RHP Jorge Silva
Batting: RHB Augusto Rocha 0-0: Ball
1-0: Ball
2-0: Called Strike
2-1: SINGLE (Groundball, 13) (infield hit)
Batting: RHB Sang-yeon Kim 0-0: Sac Bunt - play at first, batter OUT! 1-3
Augusto Rocha to second
Batting: LHB Kent Roberts 0-0: Ball
1-0: Ball
2-0: Ball
3-0: Base on Balls
Pitching: RHP Floyd Cotton
Batting: SHB Bill Becker 0-0: Called Strike
Augusto Rocha is caught stealing 3rd base
Kent Roberts to second
0-1: Ball
1-1: Called Strike
1-2: Strikes out looking
Top of the 6th over - 0 run(s), 1 hit(s), 0 error(s), 1 left on base; Bangor Trident Base 2 - Florida 0
BOTTOM OF THE 6TH
Florida Men batting - Pitching for Bangor Trident Base Ogres : RHP Manuel Delgado
Batting: RHB Max Banham 0-0: Swinging Strike
0-1: Called Strike
0-2: Strikes out looking
Batting: LHB Bastyão Lizardo 0-0: Ball
1-0: Ball
2-0: Ground out 4-3 (Groundball, 4)
Batting: RHB Pat Ings 0-0: Called Strike
0-1: Called Strike
0-2: Foul Ball, location: 2F
0-2: Ball
1-2: Fly out, F4 (Line Drive, 4M)
Bottom of the 6th over - 0 run(s), 0 hit(s), 0 error(s), 0 left on base; Bangor Trident Base 2 - Florida 0
TOP OF THE 7TH
Bangor Trident Base Ogres batting - Pitching for Florida Men : RHP Floyd Cotton
Batting: RHB Gerardo Castillo 0-0: Fly out, F8 (Line Drive, 8RM)
Batting: SHB Juan Ortega 0-0: Ball
1-0: SINGLE (Line Drive, 89M)
Batting: RHB Johnny Foster 0-0: Ball
Juan Ortega steals 2nd base
1-0: Called Strike
1-1: Swinging Strike
1-2: Ball
2-2: Strikes out swinging
Batting: RHB Tom Baker 0-0: Called Strike
0-1: Foul Ball, location: 2F
0-2: Ball
1-2: Ground out 5-3 (Groundball, 5S)
Top of the 7th over - 0 run(s), 1 hit(s), 0 error(s), 1 left on base; Bangor Trident Base 2 - Florida 0
BOTTOM OF THE 7TH
Florida Men batting - Pitching for Bangor Trident Base Ogres : RHP Manuel Delgado
Batting: RHB Jim Unknown 0-0: Swinging Strike
0-1: Swinging Strike
0-2: Strikes out swinging
Batting: RHB Gilberto Patino 0-0: Foul Ball, location: 2F
0-1: Foul Ball, location: 2F
0-2: Ball
1-2: Foul Ball, location: 2F
1-2: Foul Ball, location: 2F
1-2: Foul Ball, location: 2F
1-2: Foul Ball, location: 2F
1-2: SINGLE (Groundball, 6MD)
Batting: RHB Greg Robinson 0-0: Ball
1-0: Swinging Strike
1-1: Called Strike
1-2: Ball
2-2: Ball
3-2: Fly out, F9 (Popup, 3DF)
Batting: RHB Frank Collins 0-0: Called Strike
0-1: Ball
1-1: Fly out, F8 (Flyball, 89S)
Bottom of the 7th over - 0 run(s), 1 hit(s), 0 error(s), 1 left on base; Bangor Trident Base 2 - Florida 0
TOP OF THE 8TH
Bangor Trident Base Ogres batting - Pitching for Florida Men : RHP Floyd Cotton
Batting: LHB Luis Costello 0-0: Ball
1-0: Foul Ball, location: 2F
1-1: Ground out 1-3 (Groundball, 13S)
Batting: RHB Augusto Rocha 0-0: SINGLE (Line Drive, 9S)
Batting: RHB Sang-yeon Kim 0-0: SINGLE (Line Drive, 6M)
Augusto Rocha to second
Augusto Rocha to third
Batting: LHB Kent Roberts 0-0: Ball
1-0: Ball
2-0: Ball
3-0: Called Strike
3-1: Base on Balls
Sang-yeon Kim to second
Batting: SHB Bill Becker 0-0: Ball
Wild Pitch!
Augusto Rocha scores
Sang-yeon Kim to third
Kent Roberts to second
1-0: Ball
2-0: Called Strike
2-1: Foul Ball, location: 2F
2-2: Strikes out swinging
Batting: RHB Gerardo Castillo 0-0: Called Strike
0-1: Foul Ball, location: 2F
0-2: Ground out 4-3 (Groundball, 4M)
Top of the 8th over - 1 run(s), 2 hit(s), 0 error(s), 2 left on base; Bangor Trident Base 3 - Florida 0
BOTTOM OF THE 8TH
Florida Men batting - Pitching for Bangor Trident Base Ogres : RHP Manuel Delgado
Batting: RHB Jim Unknown 0-0: Ball
1-0: Swinging Strike
1-1: Swinging Strike
1-2: Fly out, F8 (Flyball, 8RD)
Batting: RHB Jim Unknown 0-0: Ball
1-0: Ball
2-0: Ball
3-0: Called Strike
3-1: Foul Ball, location: 2F
3-2: Fly out, F9 (Flyball, 9S)
Batting: RHB Max Banham 0-0: Ball
1-0: Ball
2-0: Foul Ball, location: 2F
2-1: Called Strike
2-2: Ball
3-2: Fly out, F9 (Flyball, 89M)
Bottom of the 8th over - 0 run(s), 0 hit(s), 0 error(s), 0 left on base; Bangor Trident Base 3 - Florida 0
TOP OF THE 9TH
Bangor Trident Base Ogres batting - Pitching for Florida Men : RHP Floyd Cotton
Pitching: RHP Jim Unknown
Batting: SHB Juan Ortega 0-0: DOUBLE (Line Drive, 7LM)
Batting: RHB Johnny Foster 0-0: Sac Bunt - play at first, batter OUT! 1-4
Juan Ortega to third
Batting: RHB Tom Baker 0-0: Ball
1-0: Called Strike
1-1: Swinging Strike
1-2: Ball
2-2: Foul Ball, location: 2F
2-2: Ball
3-2: Base on Balls
Batting: LHB Luis Costello 0-0: Ball
1-0: SINGLE (Line Drive, 56)
Juan Ortega scores
Tom Baker to second
Batting: RHB Augusto Rocha 0-0: Ball
1-0: Called Strike
1-1: Fielders Choice at 2nd, 6-4 (Groundball, 6)
Tom Baker to third
Batting: RHB Sang-yeon Kim 0-0: SINGLE (Line Drive, 56D)
Tom Baker scores
Augusto Rocha to second
Batting: LHB Kent Roberts 0-0: Called Strike
0-1: SINGLE (Groundball, 34D)
Augusto Rocha to third
Sang-yeon Kim to second
Runner from 3rd tries for Home, SAFE, no throw or cutoff
Pitching: LHP Jim Unknown
Batting: SHB Bill Becker 0-0: Called Strike
0-1: Ball
1-1: Ball
2-1: Called Strike
2-2: Foul Ball, location: 2F
2-2: Ground out 5-3 (Groundball, 56)
Top of the 9th over - 3 run(s), 4 hit(s), 0 error(s), 2 left on base; Bangor Trident Base 6 - Florida 0
BOTTOM OF THE 9TH
Florida Men batting - Pitching for Bangor Trident Base Ogres : RHP Manuel Delgado
Now in RF: Geoff Tucker
Batting: LHB Bastyão Lizardo 0-0: Ball
1-0: Foul Ball, location: 2F
1-1: Ball
2-1: Fly out, F4 (Line Drive, 4)
Pitching: RHP Kelly Hyde
Batting: RHB Pat Ings 0-0: Called Strike
0-1: Called Strike
0-2: Strikes out swinging
Batting: RHB Jim Unknown 0-0: Ball
1-0: Foul Ball, location: 2F
1-1: Ball
2-1: Ground out 1-3 (Groundball, 13S)
Bottom of the 9th over - 0 run(s), 0 hit(s), 0 error(s), 0 left on base; Bangor Trident Base 6 - Florida 0
This league is powered by Out of the Park Baseball, the baseball management simulation game for PC, Mac and Linux
Friday, July 8th, 2016 - OOTP Baseball 16.9 Build 39